 Dungeon Crawl Stone Soup version 0.27-a0-1193-g8631133539 (webtiles) character file.

Game seed: 16144054025349111017

103096 ZappyNine the Tortoise (level 15, 0/147 HPs)
             Began as a Deep Dwarf Fighter on May 22, 2021.
             Was the Champion of Makhleb.
             Killed from afar by Jorgrun (22 damage)
             ... with an iron shot
             ... on level 1 of the Spider Nest on May 25, 2021.
             The game lasted 00:57:32 (23339 turns).

ZappyNine the Tortoise (Deep Dwarf Fighter)        Turns: 23339, Time: 00:57:33

Health: 0/147      AC: 26    Str: 29    XL:     15   Next: 88%
Magic:  7/7        EV: 14    Int: 10    God:    Makhleb [******]
Gold:   2251       SH: 15    Dex: 12    Spells: 22/22 levels left

rFire    . . .     SeeInvis .   a - +1 war axe (venom)
rCold    . . .     Faith    .   c - +0 kite shield
rNeg     + + .     Spirit   .   f - +0 swamp dragon scales
rPois    +         Reflect  +   s - +2 helmet
rElec    .         Harm     .   M - +0 cloak "Texzat Sudgh" {rPois Stlth+}
rCorr    +         Rampage  .   Q - +1 pair of gloves "Zakuthruu" {rN+ Str+4}
Will     ++...                  I - +2 pair of boots
Stlth    ++++......             i - amulet of reflection
HPRegen  0.00/turn              q - ring of resist corrosion
MPRegen  0.10/turn              G - +4 ring of slaying

@: no status effects
A: damage resistance, heal wounds, negative energy resistance 1, sense
surroundings 2, no regeneration, iridescent scales 1, shaggy fur 1
a: Heal Wounds, Renounce Religion, Minor Destruction, Lesser Servant of Makhleb,
Major Destruction, Greater Servant of Makhleb


You were on level 1 of the Spider Nest.
You worshipped Makhleb.
Makhleb was exalted by your worship.
You visited 5 branches of the dungeon, and saw 25 of its levels.
You also visited: Sewer.

You collected 2526 gold pieces.
You spent 275 gold pieces at shops.

Inventory:

Hand Weapons
 a - a +1 war axe of venom (weapon)
 H - the +1 spear "Demonbane" {vorpal, *Noise rPois rN+}
   (You found it on level 14 of the Dungeon)

   It inflicts extra damage upon your enemies.
   It protects you from poison.
   It protects you from negative energy.
   It may make noises in combat.
Missiles
 b - 2 silver javelins
 n - 3 atropa-tipped darts
 o - 3 throwing nets
 B - 8 boomerangs of dispersal
 C - a curare-tipped dart
Armour
 c - a +0 kite shield (worn)
 f - +0 swamp dragon scales (worn)
 s - a +2 helmet (worn)
 I - a +2 pair of boots (worn)
 L - +0 fire dragon scales
 M - the +0 cloak "Texzat Sudgh" (worn) {rPois Stlth+}
   (You bought it in a shop on level 1 of the Orcish Mines)

   It protects you from poison.
   It makes you more stealthy.
 Q - the +1 pair of gloves "Zakuthruu" (worn) {rN+ Str+4}
   (You found it on level 14 of the Dungeon)

   It affects your strength (+4).
   It protects you from negative energy.
Jewellery
 d - an amulet of magic regeneration
 g - a ring of magical power
 i - an amulet of reflection (around neck)
 j - a ring of see invisible
 q - a ring of resist corrosion (left hand)
 A - a ring of magical power
 G - a +4 ring of slaying (right hand)
 K - a ring of protection from fire
 N - an amulet of faith
 O - a ring of fire
Wands
 t - a wand of mindburst (28)
 u - a wand of paralysis (20)
 v - a wand of flame (36)
 w - a wand of polymorph (16)
 x - a wand of acid (11)
 F - a wand of iceblast (13)
 R - a wand of digging (6)
Scrolls
 m - 3 scrolls of identify
 p - 4 scrolls of fear
 y - 7 scrolls of teleportation
 z - 2 scrolls of enchant weapon
 D - 2 scrolls of amnesia
 E - 3 scrolls of noise
 P - a scroll of blinking
Potions
 e - 6 potions of attraction
 h - 4 potions of cancellation
 l - 5 potions of mutation
 r - 2 potions of brilliance
 T - a potion of ambrosia


   Skills:
 - Level 13.0 Fighting
 - Level 13.6 Axes
 - Level 15.5 Armour
 - Level 12.8 Dodging
 + Level 8.0 Stealth
 - Level 3.4 Shields
 - Level 4.2 Spellcasting
 - Level 11.1 Invocations


You had 22 spell levels left.
You didn't know any spells.
Your spell library contained the following spells:

 Spells                   Type           Power      Damage    Failure   Level
 Animate Skeleton         Necr           4%         N/A       82%         1
 Apportation              Tloc           4%         N/A       82%         1
 Beastly Appendage        Tmut           4%         N/A       82%         1
 Corona                   Hex            2%         N/A       82%         1
 Foxfire                  Conj/Fire      8%         2x1d4     82%         1
 Freeze                   Ice            8%         1d3       82%         1
 Sandblast                Erth           4%         2d4       82%         1
 Sting                    Tmut/Pois      8%         1d3       82%         1
 Summon Small Mammal      Summ           8%         N/A       82%         1
 Ensorcelled Hibernation  Hex/Ice        4%         N/A       91%         2
 Passwall                 Tmut/Erth      1%         N/A       91%         2
 Poisonous Vapours        Pois/Air       4%         N/A       91%         2
 Static Discharge         Conj/Air       2%         N/A       91%         2
 Wereblood                Tmut           2%         N/A       91%         2
 Confusing Touch          Hex            2%         N/A       99%         3
 Conjure Flame            Conj/Fire      2%         6-21      99%         3
 Dazzling Flash           Conj/Hex       4%         N/A       99%         3
 Frozen Ramparts          Ice            4%         1d2       99%         3
 Gell's Gravitas          Tloc           1%         N/A       99%         3
 Ignite Poison            Fire/Tmut/Pois 2%         N/A       99%         3
 Inner Flame              Hex/Fire       2%         N/A       99%         3
 Mephitic Cloud           Conj/Pois/Air  2%         N/A       99%         3
 Ozocubu's Armour         Ice            2%         N/A       99%         3
 Spider Form              Tmut/Pois      1%         N/A       99%         3
 Stone Arrow              Conj/Erth      4%         3d7       99%         3
 Tukima's Dance           Hex            2%         N/A       99%         3
 Animate Armour           Summ/Erth      4%         N/A       100%        4
 Hailstorm                Conj/Ice       2%         3d3       100%        4
 Ice Form                 Ice/Tmut       2%         N/A       100%        4
 Olgreb's Toxic Radiance  Pois           2%         N/A       100%        4
 Petrify                  Tmut/Erth      2%         N/A       100%        4
 Sticky Flame             Conj/Fire      2%         2d3       100%        4
 Bolt of Magma            Conj/Fire/Erth 1%         4d4       100%        5
 Fireball                 Conj/Fire      1%         3d3       100%        5
 Hydra Form               Tmut           1%         N/A       100%        5
 Iskenderun's Battlesphe  Conj           2%         2d6       100%        5
 Lee's Rapid Deconstruct  Erth           1%         3d5*      100%        5
 Lightning Bolt           Conj/Air       1%         1d12      100%        5
 Metabolic Englaciation   Hex/Ice        1%         N/A       100%        5
 Yara's Violent Unravell  Hex/Tmut       1%         3d3       100%        5
 Freezing Cloud           Conj/Ice/Air   1%         6-21      100%        6
 Iron Shot                Conj/Erth      1%         9d1       100%        6
 Orb of Destruction       Conj           1%         N/A       100%        7
 Spellforged Servitor     Conj/Summ      1%         N/A       100%        7
 Borgnjor's Revivificati  Necr           1%         N/A       100%        8
 Ignition                 Fire           1%         3d3       100%        8
 Infestation              Necr           1%         N/A       100%        8
 Necromutation            Tmut/Necr      1%         N/A       100%        8
 Death's Door             Necr           1%         N/A       100%        9
 Shatter                  Erth           1%         3d5*      100%        9
 Tornado                  Air            1%         N/A       100%        9


Dungeon Overview and Level Annotations

Branches:
Dungeon (15/15)            Temple (1/1) D:6            Lair (6/6) D:9
  Swamp (0/4) Lair:2       Spider (1/4) Lair:3        Slime (0/5) Lair:6
    Orc (2/2) D:11            Elf (0/3) Orc:2        Vaults (0/5) D:13
 Depths (0/5) D:15          Sewer (visited)

Altars:
Ashenzari
Cheibriados
Dithmenos
Elyvilon
Fedhas
Kikubaaqudgha
Makhleb
Okawaru
Qazlal
Ru
Sif Muna
Trog
Vehumet
Wu Jian
Xom
Yredelemnul
Zin
The Shining One
Beogh
Jiyva

Shops:
Orc:1 [   Orc:2 =[:[

Annotations:
D:10 3 runed translucent doors, 1 transporter, Huufiu's ghost, journeyman DrFE; Petzil's ghost, journeyman HOFi; ZappyNine's ghost, journeyman KoBr
D:12 Rupert
Spider:1 Jorgrun


Innate Abilities, Weirdness & Mutations

You are resistant to damage.
You can heal yourself by infusing magical energy.
You resist negative energy. (rN+)
You passively map the area around you.
You do not regenerate.
You are partially covered in iridescent scales. (AC +2)
You are covered in fur. (AC +1)


Message History

You block the jumping spider's attack.
Jorgrun points at you and mumbles some strange words.
The iron shot hits you!!
* * * LOW HITPOINT WARNING * * *
The jumping spider pounces on you but does no damage.
The jumping spider bites you.
* * * LOW HITPOINT WARNING * * *
The jumping spider leaps!
The jumping spider pounces on you.
* * * LOW HITPOINT WARNING * * *
The jumping spider bites you but does no damage.
The tarantella bites you but does no damage.
The demonic crawler hits you but does no damage.
The demonic crawler misses you.
The demonic crawler hits you but does no damage.
The jumping spider pounces on you but does no damage.
The jumping spider barely misses you.
You barely miss Jorgrun.
Jorgrun is severely wounded.
You closely miss the demonic crawler.
You hit the jumping spider but do no damage.
The jumping spider looks as sick as possible!
You hit the jumping spider. You barely miss the tarantella.
Your shield prevents you from hitting the jumping spider.
You slash the jumping spider!
You kill the jumping spider!
Makhleb accepts your kill.
You feel better.
You kill the tarantella!
Makhleb accepts your kill.
You feel better.
You kill the jumping spider!
Makhleb accepts your kill.
You feel better. You block the jumping spider's attack.
The jumping spider bites you.
* * * LOW HITPOINT WARNING * * *
The jumping spider closely misses you.
The jumping spider bites you but does no damage.
Jorgrun casts a spell at you. The iron shot hits you!!
You die...

, , ,, , , , *
,............=.# ,
≈ ,
,.>............. ,
, ,
............?.. **
, ,
............... ,
, .....s..ss.....
, , ,
,,,....s..........
, ,,
..°...s†.......,
,, , ^ ,
....s.†@s......,,
, ......s†g......
, ,
..?....s....... ,,
, , ,
...............
^.............. ,,
, ,,
...........^..., ,
, ^...............
, , ,
..............., ,
, , , , , ,, ,


You could see Jorgrun (extremely poisoned), a demonic crawler (very poisoned), 5
orb spiders and 3 jumping spiders.

Vanquished Creatures
  A ghost moth (shapeshifter) (D:15)
  A ghost moth (Lair:3)
  Nessos (D:14)
  A fire dragon (Lair:6)
  2 hydras
  2 vault guards (D:13)
  A boulder beetle (D:14)
  2 centaur warriors
  6 two-headed ogres
  4 tengu warriors
  4 death yaks (Lair:6)
  A shock serpent (shapeshifter) (D:14)
  A swamp dragon (Lair:6)
  A bog body (Lair:2)
  A glowing orange brain (D:15)
  A wizard (D:13)
  2 orc knights (Orc:2)
  A deep elf pyromancer (D:12)
  2 necromancers (D:13)
  An orc sorcerer (Orc:1)
  6 wolf spiders
  3 manticores
  15 ugly things
  An oklob plant (Lair:1)
  5 cyclopes
  8 black mambas
  3 elephants (Lair:6)
  A guardian serpent (Lair:6)
  4 torpor snails
  An unseen horror (D:13)
  A gargoyle (D:14)
  8 cane toads
  Maggie (D:6)
  10 rime drakes
  A rime drake (shapeshifter) (D:15)
  4 komodo dragons
  3 tengu conjurers
  2 efreet
  Psyche (D:8)
  3 demonic crawlers (Lair:3)
  A yaktaur (D:15)
  2 meliai (D:15)
  4 trolls
  10 jumping spiders
  6 hornets
  3 polar bears
  25 blink frogs
  Prince Ribbit (D:9)
  A meliai zombie (D:10)
  9 slime creatures
  30 dream sheep
  23 redbacks
  2 shadows (D:11)
  12 wyverns
  24 humans
  7 tarantellas
  39 yaks
  2 basilisks
  4 steam dragons
  16 vampire mosquitoes
  Menkaure (D:6)
  4 wargs
  4 acid dragons
  14 water moccasins
  Purgy (Sewer)
  36 orc warriors
  A hornet zombie (D:5)
  An ice beast (D:7)
  A sky beast (D:6)
  A swamp drake (Lair:6)
  2 necrophages
  4 black bears
  6 wolves (Lair:4)
  5 ogres
  12 centaurs
  2 phantoms
  2 kobold brigands (D:9)
  Blork the orc (D:5)
  17 bullfrogs
  A gnoll sergeant (D:11)
  A scorpion (D:9)
  A hornet simulacrum (D:15)
  6 killer bees
  2 howler monkeys
  8 centaur zombies
  21 orc priests
  A centaur skeleton (D:7)
  A gnoll shaman (D:9)
  4 hounds
  A jelly (D:6)
  A bullfrog skeleton (D:6)
  7 iguanas
  A scorpion zombie (D:5)
  17 orc wizards
  Ijyb (D:11)
  A killer bee zombie (D:9)
  14 gnolls
  7 adders
  2 white imps
  2 worms (D:3)
  3 dart slugs
  88 orcs
  7 ball pythons
  8 bats
  4 endoplasms
  4 giant cockroaches
  7 hobgoblins
  14 jackals
  2 quokkas
  2 frilled lizards (D:2)
  15 goblins
  17 kobolds
  6 rats
730 creatures vanquished.

Vanquished Creatures (collateral kills)
  7 hydras
  2 centaur warriors
  An oklob plant (Lair:2)
  A manticore (D:14)
  2 cane toads
  An unseen horror (D:13)
  A meliai (D:15)
  A polar bear (Lair:1)
  A troll (D:13)
  A merfolk (shapeshifter) (D:14)
  A wyvern (Lair:6)
  A yak (Lair:4)
  A steam dragon (Lair:2)
  4 water moccasins
  A centaur (D:15)
26 creatures vanquished.

Vanquished Creatures (others)
  A centaur (Orc:2)
  71 fungi
  133 plants
  4 withered plants (D:10)
209 creatures vanquished.

Grand Total: 965 creatures vanquished

Notes
Turn   | Place    | Note
-------+----------+-------------------------------------------
     0 | D:1      | ZappyNine the Deep Dwarf Fighter began the quest for the
                  | Orb.
     0 | D:1      | Reached XP level 1. HP: 20/20 MP: 1/1
    66 | D:1      | Reached XP level 2. HP: 23/28 MP: 2/2
   378 | D:1      | Reached XP level 3. HP: 22/34 MP: 3/3
   502 | D:2      | Reached XP level 4. HP: 12/44 MP: 4/4
   623 | D:2      | Found a stormy altar of Qazlal.
   791 | D:2      | Found a faded altar of an unknown god.
  1017 | D:3      | Reached skill level 1 in Dodging
  1303 | D:3      | Reached XP level 5. HP: 41/50 MP: 4/4
  1386 | D:3      | Reached skill level 4 in Armour
  1451 | D:3      | Found a shadowy altar of Dithmenos.
  1509 | D:3      | Noticed a phantom
  1660 | D:4      | Found a glowing drain.
  1686 | Sewer    | Entered a sewer
  1725 | Sewer    | Noticed Purgy
  1731 | Sewer    | Killed Purgy
  1732 | Sewer    | Reached XP level 6. HP: 41/57 MP: 4/4
  2387 | D:4      | Found a bloodstained altar of Trog.
  2433 | D:5      | Entered Level 5 of the Dungeon
  2501 | D:5      | Noticed Blork the orc
  2506 | D:5      | Killed Blork the orc
  2507 | D:5      | Reached skill level 5 in Armour
  2822 | D:5      | Reached XP level 7. HP: 48/63 MP: 5/5
  2843 | D:5      | Reached skill level 6 in Armour
  2850 | D:5      | Reached skill level 5 in Dodging
  3127 | D:5      | Noticed a hornet
  3137 | D:5      | Killed a hornet
  3236 | D:6      | Reached skill level 7 in Armour
  3236 | D:6      | Reached XP level 8. HP: 40/72 MP: 6/6
  3254 | D:6      | Noticed Maggie
  3279 | D:6      | Killed Maggie
  3280 | D:6      | Reached skill level 5 in Axes
  3413 | D:6      | Reached skill level 8 in Armour
  3427 | D:6      | Noticed Menkaure
  3438 | D:6      | Killed Menkaure
  3692 | D:6      | Found a staircase to the Ecumenical Temple.
  3700 | Temple   | Entered the Ecumenical Temple
  3759 | Temple   | Became a worshipper of Makhleb the Destroyer
  3810 | D:6      | Reached skill level 9 in Armour
  3862 | D:6      | Gained mutation: You passively map the area around you.
                  | [Deep Dwarf growth]
  3862 | D:6      | Reached XP level 9. HP: 70/78 MP: 6/6
  4088 | D:7      | Reached * piety under Makhleb
  4337 | D:7      | Reached skill level 5 in Fighting
  4340 | D:7      | Gained mutation: You are partially covered in iridescent
                  | scales. (AC +2) [potion of mutation]
  4340 | D:7      | Gained mutation: You are covered in fur. (AC +1) [potion of
                  | mutation]
  4433 | D:7      | Reached skill level 10 in Armour
  4861 | D:7      | Found a sacrificial altar of Ru.
  5114 | D:8      | Reached ** piety under Makhleb
  5129 | D:8      | Reached skill level 11 in Armour
  5129 | D:8      | Reached XP level 10. HP: 92/92 MP: 6/6
  5271 | D:8      | Found a shimmering altar of Xom.
  5381 | D:8      | Noticed a two-headed ogre
  5390 | D:8      | Killed a two-headed ogre
  6296 | D:8      | Found an ancient bone altar of Kikubaaqudgha.
  6303 | D:8      | Found a shimmering blue altar of Sif Muna.
  6306 | D:8      | Found an ornate altar of the Wu Jian Council.
  6309 | D:8      | Found an iron altar of Okawaru.
  6389 | D:8      | Noticed Psyche
  6402 | D:8      | Killed Psyche
  6843 | D:9      | Found a staircase to the Lair.
  6908 | D:9      | Reached *** piety under Makhleb
  6913 | D:9      | Noticed a two-headed ogre
  7424 | D:9      | Killed a two-headed ogre
  7425 | D:9      | Reached XP level 11. HP: 95/104 MP: 6/6
  7719 | D:9      | Found a broken altar of Ashenzari.
  7768 | D:9      | Noticed a cyan ugly thing
  7788 | D:9      | Killed a cyan ugly thing
  7789 | D:9      | Reached skill level 12 in Armour
  7864 | D:9      | Found a radiant altar of Vehumet.
  8016 | D:9      | Noticed Prince Ribbit
  8030 | D:9      | Killed Prince Ribbit
  8203 | D:10     | Entered Level 10 of the Dungeon
  8485 | D:10     | Found a runed translucent gate.
  8485 | D:10     | Found a runed translucent gate.
  8534 | D:10     | Found a runed translucent gate.
  8545 | D:10     | Noticed Huufiu's ghost (journeyman DrFE)
  8545 | D:10     | Noticed Petzil's ghost (journeyman HOFi)
  8545 | D:10     | Noticed ZappyNine's ghost (journeyman KoBr)
  8606 | D:10     | Noticed a two-headed ogre
  8608 | D:10     | Found a transporter.
  8613 | D:10     | Killed a two-headed ogre
  8867 | D:11     | Noticed a two-headed ogre
  8876 | D:11     | Killed a two-headed ogre
  9072 | D:11     | Reached **** piety under Makhleb
  9074 | D:11     | Found a staircase to the Orcish Mines.
  9394 | D:11     | Reached skill level 10 in Fighting
  9460 | D:11     | Noticed Ijyb
  9494 | D:11     | Killed Ijyb
  9775 | D:12     | Noticed a two-headed ogre
  9783 | D:12     | Killed a two-headed ogre
  9784 | D:12     | Reached XP level 12. HP: 90/117 MP: 5/5
 10126 | D:12     | Reached ***** piety under Makhleb
 10196 | D:12     | Reached skill level 5 in Invocations
 10635 | D:12     | Noticed Rupert
 11301 | D:13     | Noticed a centaur warrior
 11317 | D:13     | Killed a centaur warrior
 11460 | D:13     | Noticed a two-headed ogre
 11473 | D:13     | Killed a two-headed ogre
 11656 | D:13     | Reached skill level 10 in Invocations
 11692 | D:13     | Noticed a vault guard
 11700 | D:13     | Noticed a vault guard
 11737 | D:13     | Killed a vault guard
 11748 | D:13     | Killed a vault guard
 11749 | D:13     | Reached skill level 10 in Axes
 11914 | D:13     | Found a gate to the Vaults.
 11987 | D:13     | Noticed a tengu warrior
 11999 | D:13     | Killed a tengu warrior
 12390 | D:13     | Reached skill level 13 in Armour
 12564 | Lair:1   | Entered Level 1 of the Lair of Beasts
 12637 | Lair:1   | Reached XP level 13. HP: 53/124 MP: 10/10
 12697 | Lair:1   | You fall into a shaft and drop 1 floor!
 13082 | Lair:2   | Found a staircase to the Swamp.
 13338 | Lair:2   | Identified the +2 robe of the Black Moon {rC+}
 13983 | Lair:3   | Found a hole to the Spider Nest.
 14160 | Lair:3   | You fall into a shaft and drop 2 floors!
 14300 | Lair:4   | Reached skill level 10 in Dodging
 15564 | Lair:5   | Reached skill level 14 in Armour
 15802 | Lair:5   | Identified the +3 flail of Defiance {vorpal, rCorr Int+3}
 16053 | Lair:5   | You fall into a shaft and drop 1 floor!
 16053 | Lair:6   | Entered Level 6 of the Lair of Beasts
 16060 | Lair:6   | Gained mutation: You resist negative energy. (rN+) [Deep
                  | Dwarf growth]
 16060 | Lair:6   | Reached XP level 14. HP: 75/135 MP: 10/10
 17362 | Lair:6   | Found a viscous altar of Jiyva.
 17363 | Lair:6   | Found a staircase to the Slime Pits.
 17421 | Lair:6   | Reached ****** piety under Makhleb
 17754 | Lair:6   | Identified the Volume of Enchanting Earth
 18263 | D:14     | Noticed Nessos
 18280 | D:14     | Killed Nessos
 18281 | D:14     | Reached skill level 15 in Armour
 18568 | D:14     | Reached XP level 15. HP: 122/146 MP: 9/9
 18824 | D:14     | Identified the +1 spear "Demonbane" {vorpal, *Noise rPois
                  | rN+}
 18826 | D:14     | Identified the +1 pair of gloves "Zakuthruu" {rN+ Str+4}
 19257 | D:15     | Entered Level 15 of the Dungeon
 20017 | D:15     | Killed a ghost moth
 20512 | D:15     | Found a staircase to the Depths.
 20923 | D:12     | Reached skill level 1 in Spellcasting
 21062 | Orc:1    | Entered Level 1 of the Orcish Mines
 21131 | Orc:1    | Found Qasteyc's Antique Armour Boutique.
 21177 | Orc:1    | Bought a transparent cloak for 275 gold pieces
 21177 | Orc:1    | Identified the +0 cloak "Texzat Sudgh" {rPois Stlth+} (You
                  | bought it in a shop on level 1 of the Orcish Mines)
 21580 | Orc:2    | Entered Level 2 of the Orcish Mines
 21836 | Orc:2    | Found Yddosuet's Book Shoppe.
 21836 | Orc:2    | Found Ciyhil's Armour Shop.
 21838 | Orc:2    | Found Forreis's Jewellery Boutique.
 21839 | Orc:2    | Found Benigeu's Antique Armour Emporium.
 22024 | Orc:2    | Found a staircase to the Elven Halls.
 22967 | Spider:1 | Entered Level 1 of the Spider Nest
 22967 | Spider:1 | Noticed Jorgrun
 22976 | Lair:3   | Reached skill level 1 in Stealth
 23148 | Lair:3   | Killed a ghost moth
 23214 | Lair:3   | Upgraded the game from 0.27-a0-1189-gb8eb6cee8e to
                  | 0.27-a0-1193-g8631133539
 23224 | Lair:3   | Reached skill level 5 in Stealth
 23338 | Spider:1 | HP: 6/147 [jumping spider (4)]
 23339 | Spider:1 | Killed from afar by Jorgrun

Illustrated notes

Levels and vault maps discovered:
D:1:      saegor_arrival_simple_b, layout_rooms
D:2:      layout_rooms, hellmonk_ecumenical_altar_run_dry, basic_altar
D:3:      layout_basic, nicolae_dithmenos_the_darkroom
D:4:      layout_loops_ring, trog_antimagical, portal_sewer_entry_a,
          chequers_serial_rivers_marsh
D:5:      layout_loops_cross, minmay_misc_feat_four_crosses, uniq_blork_the_orc
D:6:      layout_basic, minmay_temple_entry_glassed_door, uniq_menkaure,
          uniq_maggie
D:7:      layout_loops_cross, nicolae_ru_the_path_less_chosen, st_stairs_10
D:8:      layout_layer_cave, minitemple, uniq_psyche
D:9:      layout_basic, lemuel_coloured_pillars_altar,
          grunt_lair_entry_orc_guard_hut, nicolae_water_bricks,
          minmay_ruined_shrine, uniq_prince_ribbit1
D:10:     gammafunk_beogh_shrine, layout_cave_pools, gammafunk_ghost_cemetery
D:11:     erik_cavepeople, layout_cave_pools, serial_park, eino_tiny_chamber
D:12:     layout_grid_maze, uniq_rupert
D:13:     layout_roguey, grunt_vaults_entry_tiered, minmay_misc_feat_pillars,
          minmay_three_doors
D:14:     layout_rooms, portal_ice_cave_rime, minmay_splitting_lines,
          onia_ninara_dug_in_and_dangerous, uniq_nessos
D:15:     gammafunk_enter_depths_forms, layout_irregular_city,
          minmay_misc_feat_tiny
Temple:   dshaligram_water_room_temple
Lair:1:   layout_loops_ring, special_room [special_room_bee],
          dpeg_stationary_puzzle, grunt_megastairs_4
Lair:2:   dpeg_oklob_shooting_range, layout_regular_city,
          skrybe_swamp_entry_bodies
Lair:3:   layout_regular_city, spider_nest_entry_web_field,
          chequers_serial_rivers_large_b, lemuel_fruit_tree
Lair:4:   layout_loops_ring, serial_bayou_shore_a
Lair:5:   layout_regular_city, minmay_lair_drake_nest
Lair:6:   guppyfry_lair_end_dragon, layout_concentric_octagons,
          hangedman_lair_tendril_chambers, dpeg_slime_entry_enclosed_altar
Spider:1: layout_spider_delve, uniq_jorgrun
Orc:1:    layout_caves, serial_shops, nicolae_shop_waterfront, basic_altar,
          mines_bat_river
Orc:2:    st_orc_rangers, layout_diamond_mine

Skill      XL: |  1  2  3  4  5  6  7  8  9 10 11 12 13 14 15 |
---------------+----------------------------------------------+-----
Fighting       | 3 6 8 10 11 12 13 | 13.0
Axes           | 3 4 7 8 9 10 11 13 | 13.6
Dodging        | 1 3 4 5 7 8 9 10 12 | 12.8
Armour         | 4 5 7 9 11 12 13 14 15 | 15.5
Invocations    | 11 | 11.1
Spellcasting   | 4 |  4.2
Stealth        | 8 |  8.0
Shields        | |  3.4

Action                   |  1- 3 |  4- 6 |  7- 9 | 10-12 | 13-15 || total
-------------------------+-------+-------+-------+-------+-------++-------
Melee: War axe           |    74 |   198 |   294 |   761 |  1322 ||  2649
Invok: Lesser Servant of |       |       |       |     4 |    27 ||    31
       Minor Destruction |       |       |       |     2 |     2 ||     4
       Major Destruction |       |       |       |     2 |     1 ||     3
 Abil: Heal Wounds       |     1 |     6 |    11 |    23 |    41 ||    82
Evoke: Wand              |       |       |       |     2 |     1 ||     3
  Use: Potion            |     1 |       |     4 |    16 |    12 ||    33
       Scroll            |       |     7 |     4 |     7 |    11 ||    29
 Stab: Sleeping          |       |       |       |     1 |     2 ||     3
       Paralysed         |       |       |       |     6 |       ||     6
       Invisible         |       |       |       |       |    11 ||    11
       Distracted        |       |       |       |       |     3 ||     3
Armor: Scale mail        |    40 |    24 |       |       |       ||    64
       Chain mail        |       |    74 |    22 |       |       ||    96
       Swamp dragon scal |       |       |    74 |   436 |   992 ||  1502
       Skin              |       |       |    11 |       |       ||    11
Dodge: Dodged            |    39 |    60 |    89 |   339 |   873 ||  1400
Block: Kite shield       |    55 |   114 |   242 |   671 |  1308 ||  2390
       Reflection        |       |     1 |       |    13 |    76 ||    90

Table legend: (Time is in decaauts)
 A = Elapsed time spent in this place.
 B = Non-inter-level travel time spent in this place.
 C = Inter-level travel time spent in this place.
 D = Time resting spent in this place.
 E = Time spent auto-exploring this place.
 F = Levels seen in this place.
 G = Mean time per level.
                   A        B        C        D        E       F      G
               +--------+--------+--------+--------+--------+-----+--------+
         Total |  24087 |  23015 |   1072 |   4559 |  11723 |  26 |  926.4 |
       Dungeon |  15711 |  15047 |    664 |   3329 |   7528 |  15 | 1047.4 |
        Temple |     79 |     39 |     40 |      0 |     38 |   1 |   79.0 |
          Lair |   6159 |   5876 |    283 |   1126 |   2890 |   6 | 1026.5 |
   Spider Nest |     41 |     41 |      0 |      0 |      0 |   1 |   41.0 |
  Orcish Mines |   1802 |   1718 |     84 |      4 |   1179 |   2 |  901.0 |
         Sewer |    292 |    292 |      0 |    100 |     87 |   1 |  292.0 |
               +--------+--------+--------+--------+--------+-----+--------+

Top non-repeatable levels by time:
     D:8: 2146 daAuts
  Lair:6: 1643 daAuts
    D:13: 1622 daAuts
    D:15: 1612 daAuts
  Lair:3: 1420 daAuts
    D:12: 1285 daAuts
   Orc:2: 1270 daAuts
  Lair:5: 1199 daAuts
     D:9: 1144 daAuts
    D:14: 1084 daAuts
    D:11: 1065 daAuts
     D:7: 1062 daAuts
  Lair:2: 953 daAuts
     D:6: 825 daAuts
     D:5: 817 daAuts
